 Dungeon Crawl Stone Soup version 0.23-a0-171-g5ae17c6 (webtiles) character file.

218010 Inarius the Warrior (level 18, -2/149 HPs)
             Began as a Mummy Fighter on Sept 14, 2018.
             Was an Initiate of Gozag.
             Slain by a white ugly thing (24 damage)
             ... on level 1 of the Vaults.
             The game lasted 02:02:32 (44564 turns).

Inarius the Warrior (Mummy Fighter)                Turns: 44564, Time: 02:02:33

Health: -2/149     AC: 26    Str: 38    XL:     18   Next: 40%
Magic:  6/6        EV:  6    Int: 14    God:    Gozag
Gold:   1507       SH: 20    Dex: 16    Spells: 13/17 levels left

rFire    + + .     SeeInvis .   i - +10 long sword of Trial by Ordeal {antimagic, rF+}
rCold    . . .     Gourm    .   F - +2 large shield {rF+}
rNeg     + + +     Faith    .   x - +4 plate armour of Surprise {MR+ rCorr Slay+2}
rPois    ∞         Spirit   .   R - +2 hat {MR+}
rElec    +         Reflect  .   K - +2 cloak {MR+}
rCorr    +         Harm     .   y - -1 pair of gloves of Piumann {Str+5}
MR       +++++                  (no boots)
Stlth    ..........             U - amulet "Luit" {RegenMP rF+ rC- Str+5 Int+3}
HPRegen  0.34/turn              G - ring of Hodwox {rElec Str+3 Int+3 Dex+3}
MPRegen  0.35/turn              C - ring of flight

@: about to teleport, studying Throwing
A: no food or potions, fire vulnerability, cold resistance 1, negative energy
resistance 3, torment resistance, unbreathing, in touch with death 1
}: 1/15 runes: decaying
a: Potion Petition, Call Merchant, Bribe Branch, Renounce Religion, Evoke Flight


You were on level 1 of the Vaults.
You worshipped Gozag.
Gozag was most pleased with you.
You were not hungry.

You visited 7 branches of the dungeon, and saw 33 of its levels.
You visited 1 bazaar.

You collected 13105 gold pieces.
You spent 8455 gold pieces at shops.
You paid 3143 gold pieces to Gozag.

Inventory:

Hand Weapons
 a - a +3 blowgun
 b - the +12 quarterstaff "Motuev" {flame, rF+ Str+4}
   (You found it on level 4 of the Dungeon)

   It has been specially enchanted to burn those struck by it, causing extra
   injury to most foes and up to half again as much damage against particularly
   susceptible opponents.
   It affects your strength (+4).
   It protects you from fire.
 h - the +11 plutonium sword {*Contam Stlth-}
   (You bought it in a shop on level 12 of the Dungeon)

   It causes magical contamination when unequipped.
   It makes you less stealthy.
 i - the +10 long sword of Trial by Ordeal (weapon) {antimagic, rF+}
   (You bought it in a shop on level 12 of the Dungeon)

   It reduces the magical energy of the wielder, and disrupts the spells and
   magical abilities of those hit.
   Natural abilities and divine invocations are not affected.
   It protects you from fire.
 A - a +1 scimitar of flaming
Missiles
 v - 8 javelins (quivered)
 w - 42 tomahawks
 J - a throwing net
 O - 16 curare-tipped needles
 P - 69 poisoned needles
 Q - 2 needles of confusion
Armour
 c - a +0 shield
 j - a +2 helmet
 x - the +4 plate armour of Surprise (worn) {MR+ rCorr Slay+2}
   (You bought it in a shop on level 12 of the Dungeon)

   It affects your accuracy and damage with ranged weapons and melee attacks
   (+2).
   It affects your resistance to hostile enchantments.
   It provides partial protection from all sources of acid and corrosion.
 y - the -1 pair of gloves of Piumann (worn) {Str+5}
   (You acquired it on level 8 of the Dungeon)

   It affects your strength (+5).
 F - a +2 large shield of fire resistance (worn)
 K - a +2 cloak of magic resistance (worn)
 R - a +2 hat of magic resistance (worn)
Jewellery
 q - an uncursed ring of resist corrosion
 s - a +5 ring of protection
 C - a ring of flight (right hand)
 E - an uncursed amulet of regeneration
 G - the ring of Hodwox (left hand) {rElec Str+3 Int+3 Dex+3}
   (You found it on level 1 of the Lair of Beasts)

   [ring of dexterity]

   It affects your strength (+3).
   It affects your intelligence (+3).
   It affects your dexterity (+3).
   It insulates you from electricity.
 H - the ring "Qies" {Ice MP+9 Int+2}
   (You acquired it on level 1 of the Spider Nest)

   [ring of ice]

   It enhances your ice magic.
   It affects your intelligence (+2).
   It makes you vulnerable to fire.
   It protects you from cold.
   It affects your magic capacity (+9).
 L - the amulet "Maafulih" {Gourm rC++ MR++ Dex-3}
   (You bought it in a shop on level 2 of the Orcish Mines)

   [amulet of the gourmand]

   It allows you to eat raw meat even when not hungry.
   It affects your dexterity (-3).
   It greatly protects you from cold.
   It affects your resistance to hostile enchantments.
 U - the amulet "Luit" (around neck) {RegenMP rF+ rC- Str+5 Int+3}
   (You took it off a deep elf mage on level 2 of the Elven Halls)

   [amulet of magic regeneration]

   It increases your magic regeneration.
   It affects your strength (+5).
   It affects your intelligence (+3).
   It protects you from fire.
   It makes you vulnerable to cold.
Wands
 d - a wand of digging (42)
 k - a wand of flame (110)
 r - a wand of clouds (5)
 t - a wand of enslavement (30)
 u - a wand of acid (9)
 B - a wand of disintegration (55)
 M - a wand of iceblast (34)
 S - a wand of random effects (18)
Scrolls
 e - 6 scrolls of identify
 g - 10 scrolls of teleportation
 l - 2 scrolls of torment
 m - 4 scrolls of amnesia
 n - a scroll of silence
 o - a scroll of fog
 p - 2 scrolls of remove curse
 z - 3 scrolls of vulnerability
 I - 5 scrolls of magic mapping
 N - 4 scrolls of immolation
Books
 T - a manual of Throwing
Miscellaneous
 D - a phial of floods


   Skills:
 - Level 15.4 Fighting
 * Level 14.3 Long Blades
 - Level 14.3 Staves
 - Level 4.1 Throwing
 - Level 14.0 Armour
 - Level 2.1 Dodging
 - Level 4.0 Shields
 + Level 0.1 Necromancy
 - Level 3.3 Evocations


You had 13 spell levels left.
You knew the following spells:

 Your Spells              Type           Power        Failure   Level  Hunger
a - Pain                  Necr           #...         100%        1    N/A
b - Vampiric Draining     Necr           #.........   100%        3    N/A

Your spell library contained the following spells:

 Spells                   Type           Power        Failure   Level  Hunger
 Animate Skeleton         Necr           N/A          100%        1    N/A
 Apportation              Tloc           #.....       100%        1    N/A
 Infusion                 Chrm           #...         100%        1    N/A
 Shock                    Conj/Air       #...         100%        1    N/A
 Sting                    Conj/Pois      #...         100%        1    N/A
 Summon Butterflies       Summ           #.......     100%        1    N/A
 Poisonous Vapours        Pois/Air       #.....       100%        2    N/A
 Shroud of Golubria       Chrm/Tloc      #.........   100%        2    N/A
 Song of Slaying          Chrm           #.......     100%        2    N/A
 Swiftness                Chrm/Air       #.......     100%        2    N/A
 Lesser Beckoning         Tloc           #.........   100%        3    N/A
 Mephitic Cloud           Conj/Pois/Air  #.......     100%        3    N/A
 Portal Projectile        Hex/Tloc       #.....       100%        3    N/A
 Spectral Weapon          Hex/Chrm       #.......     100%        3    N/A
 Static Discharge         Conj/Air       #.......     100%        3    N/A
 Summon Guardian Golem    Hex/Summ       #.......     100%        3    N/A
 Tukima's Dance           Hex            #.......     100%        3    N/A
 Airstrike                Air            #.........   100%        4    N/A
 Animate Dead             Necr           N/A          100%        4    N/A
 Olgreb's Toxic Radiance  Pois           #.......     100%        4    N/A
 Summon Lightning Spire   Summ/Air       #.......     100%        4    N/A
 Agony                    Necr           #.......     100%        5    N/A
 Alistair's Intoxication  Tmut/Pois      #.......     100%        5    N/A
 Lightning Bolt           Conj/Air       #.........   100%        5    N/A
 Metabolic Englaciation   Hex/Ice        #.........   100%        5    N/A
 Silence                  Hex/Air        #.........   100%        5    N/A
 Venom Bolt               Conj/Pois      #.........   100%        5    N/A
 Bolt of Cold             Conj/Ice       #.........   100%        6    N/A
 Conjure Ball Lightning   Conj/Air       #.........   100%        6    N/A
 Deflect Missiles         Chrm/Air       #.........   100%        6    N/A
 Freezing Cloud           Conj/Ice/Air   #.........   100%        6    N/A
 Invisibility             Hex            #.......     100%        6    N/A
 Ozocubu's Refrigeration  Ice            #.........   100%        6    N/A
 Poison Arrow             Conj/Pois      #.........   100%        6    N/A
 Simulacrum               Ice/Necr       #.........   100%        6    N/A
 Chain Lightning          Conj/Air       #.........   100%        8    N/A
 Lehudib's Crystal Spear  Conj/Erth      #.........   100%        8    N/A
 Fire Storm               Conj/Fire      #.........   100%        9    N/A
 Glaciate                 Conj/Ice       #.........   100%        9    N/A
 Tornado                  Air            #.........   100%        9    N/A
 Sublimation of Blood     Necr           Unusable     N/A         2    N/A
 Regeneration             Chrm/Necr      Unusable     N/A         3    N/A
 Ice Form                 Ice/Tmut       Unusable     N/A         4    N/A

Dungeon Overview and Level Annotations

Branches:
Dungeon (15/15)            Temple (0/1) D:4            Lair (6/6) D:9
  Swamp (4/4) Lair:2       Spider (3/4) Lair:4        Slime (0/5) Lair:6
    Orc (2/2) D:11            Elf (2/3) Orc:2        Vaults (1/5) D:14
 Depths (0/5) D:15

Altars:
Ashenzari
Cheibriados
Dithmenos
Elyvilon
Gozag
Makhleb
Nemelex Xobeh
Okawaru
Qazlal
Ru
Sif Muna
Vehumet
Wu Jian
Zin
Beogh
Jiyva

Shops:
D:8 ((?}:   D:12 ([*   Orc:2 =?=*   Elf:2 %

Portals:
Trove: D:10 (give 12 scrolls of teleportation)

Annotations:
D:11 2 transporters


Innate Abilities, Weirdness & Mutations

You do not eat or drink.
Your flesh is vulnerable to fire.
You are immune to poison.
Your flesh is cold resistant. (rC+)
You are immune to negative energy. (rN+++)
You are immune to unholy pain and torment.
You can survive without breathing.
You are in touch with the powers of death.


Message History

You hear an angry hiss.
The runic seal fades away.
The brown ugly thing gores you.
You are splashed with acid!
The acid burns!
You resist.
* * * LOW HITPOINT WARNING * * *
The vault warden hits you but does no damage.
The vault warden activates a sealing rune.
The white ugly thing tentacle-slaps you.
* * * LOW HITPOINT WARNING * * *
The white ugly thing freezes you!!
* * * LOW HITPOINT WARNING * * *
You see here an arrow. [a] - 390 gold - haste and heal wounds [b] - 351 gold - resistance and flight [c] - 110 gold - heal wounds Purchase which effect?
You feel much better. The white ugly thing engulfs you.
* * * LOW HITPOINT WARNING * * *
The white ugly thing freezes you!!
You die...
Your body crumbles into a pile of gold.

######.....#
..........c#
..........o#
.........cp#
........cpc#
....$....(D#
##########p##
###
#puu#...#..
#.p@uu..uu.
#...#...#..
##.###.## ...
..# #...# .#
#...# # ##.##
..


You could see an ice dragon, 4 vault wardens, 6 ugly things, a centaur warrior,
a vault sentinel, a yaktaur, 2 centaurs and an orc.

Vanquished Creatures
  the Lernaean hydra (Swamp:4)
  Saint Roka (Orc:2)
  Nikola (Swamp:1)
  Jorgrun (Swamp:2)
  Rupert (Orc:2)
  A deep elf blademaster (Elf:2)
  3 thorn hunters
  Gastronok (D:8)
  A fire giant (D:15)
  Agnes (D:15)
  A deep elf sorcerer (Elf:2)
  A vault warden (Vaults:1)
  2 emperor scorpions
  Louise (Swamp:3)
  A deep elf elementalist (Elf:2)
  An orc warlord (Orc:1)
  A very ugly thing (Swamp:3)
  An entropy weaver (Spider:3)
  A deep elf demonologist (Elf:2)
  A stone giant (Orc:1)
  Azrael (Elf:2)
  A spark wasp (Spider:3)
  Harold (Orc:1)
  A vault guard (D:14)
  A deep elf high priest (Elf:1)
  26 hydras
  A catoblepas (Lair:6)
  3 shambling mangroves
  3 centaur warriors (D:14)
  Erica (D:9)
  17 alligators
  2 tengu warriors (D:15)
  A two-headed ogre (D:12)
  14 deep elf knights
  Nergalle (Lair:2)
  Sonja (D:12)
  2 unseen horrors
  8 swamp dragons
  2 spriggan druids
  4 lindwurms (Lair:3)
  11 deep elf archers
  7 orc knights (Orc:2)
  41 deep elf magi
  An ironbrand convoker (Vaults:1)
  8 ugly things
  10 orb spiders
  11 wolf spiders
  2 moths of wrath (Spider:3)
  3 cyclopes
  A vault sentinel (Vaults:1)
  9 black mambas
  10 elephants
  Maurice (D:9)
  2 torpor snails
  12 spiny frogs
  4 kobold demonologists
  4 komodo dragons
  7 demonic crawlers
  3 trolls
  4 polar bears (Lair:6)
  A meliai (shapeshifter) (Elf:1)
  26 jumping spiders
  3 meliai (Spider:1)
  Prince Ribbit (D:6)
  A queen bee (D:11)
  27 tyrant leeches
  24 hornets
  17 slime creatures
  6 bog bodies
  7 hippogriffs
  A blink frog (Lair:6)
  34 redbacks
  24 spriggans
  Sigmund (D:5)
  An air elemental (Elf:1)
  2 water elementals (Elf:1)
  A vampire (D:10)
  4 wraiths
  11 tarantellas
  A shadow (D:11)
  2 wyverns
  2 basilisks (Lair:6)
  7 fire elementals (Elf:2)
  Grum (D:8)
  32 yaks
  A yaktaur simulacrum (Vaults:1)
  A hungry ghost (D:13)
  6 vampire mosquitoes
  9 wargs
  Menkaure (D:5)
  Edmund (D:6)
  3 acid dragons
  2 soldier ants
  15 swamp worms
  17 water moccasins
  A soldier ant (shapeshifter) (Elf:2)
  Duvessa (D:7)
  A hell hound (Elf:2)
  Purgy (D:3)
  18 swamp drakes
  33 orc warriors
  4 porcupines
  An ice beast (D:9)
  A hornet zombie (D:11)
  4 sky beasts
  An eye of draining (D:12)
  6 black bears
  2 phantoms
  2 necrophages
  3 boggarts (Lair:6)
  15 ogres
  29 wolves
  12 centaurs
  12 crocodiles
  4 big kobolds
  10 bullfrogs
  Dowan (D:6)
  An earth elemental (Elf:2)
  A scorpion (D:14)
  A wyvern skeleton (D:10)
  23 killer bees
  5 howler monkeys
  An electric eel (Spider:2)
  8 crimson imps
  2 bullfrog zombies
  4 jellies
  A quasit (D:8)
  11 hounds
  16 orc priests
  Crazy Yiuf (D:5)
  19 orc wizards
  Jessica (D:3)
  3 centaur skeletons
  5 iguanas
  Ijyb (D:3)
  11 worker ants
  A killer bee zombie (D:8)
  A hound zombie (D:10)
  Robin (D:3)
  2 worker ant zombies
  4 gnolls
  8 adders
  3 shadow imps
  An adder skeleton (D:9)
  A worm (D:3)
  A dart slug (D:1)
  2 leopard geckos
  103 orcs
  7 giant cockroaches
  8 hobgoblins
  6 jackals
  20 kobolds
  2 quokkas
  5 bats
  2 frilled lizards
  12 goblins
  2 jackal zombies
  A leopard gecko skeleton (D:2)
  A quokka zombie (D:6)
  2 rats (D:2)
  2 briar patches (Swamp:3)
  2 plants
1035 creatures vanquished.

Vanquished Creatures (collateral kills)
  An orc sorcerer (Orc:1)
  A warg (Orc:1)
  7 orc warriors
  2 orc priests (Orc:1)
  2 orc wizards (Orc:1)
  11 orcs
24 creatures vanquished.

Vanquished Creatures (others)
  21 dancing weapons
  A wizard (Vaults:1)
  A deep elf mage (Elf:1)
  An orc knight (Orc:2)
  A spiny frog (Lair:6)
  4 orc warriors (Orc:2)
  2 orc priests (Orc:1)
  An orc wizard (Orc:1)
  6 briar patches
  6 fungi
  6 plants
50 creatures vanquished.

Grand Total: 1109 creatures vanquished

Notes
Turn   | Place    | Note
-------+----------+-------------------------------------------
     0 | D:1      | Inarius the Mummy Fighter began the quest for the Orb.
     0 | D:1      | Reached XP level 1. HP: 18/18 MP: 1/1
   295 | D:1      | Reached XP level 2. HP: 24/24 MP: 2/2
   833 | D:2      | Reached XP level 3. HP: 22/29 MP: 3/3
  1128 | D:2      | Found an opulent altar of Gozag.
  1183 | D:2      | Became a worshipper of Gozag Ym Sagoz the Greedy
  1362 | D:2      | Found a glowing silver altar of Zin.
  1363 | D:2      | Found a shadowy altar of Dithmenos.
  1363 | D:2      | Found a snail-covered altar of Cheibriados.
  1368 | D:2      | Found a sacrificial altar of Ru.
  1521 | D:3      | Noticed Jessica
  1525 | D:3      | Killed Jessica
  1525 | D:3      | Reached XP level 4. HP: 31/37 MP: 4/4
  1571 | D:3      | Noticed Robin
  1697 | D:3      | Killed Robin
  1823 | D:3      | Noticed Purgy
  1852 | D:3      | Killed Purgy
  1852 | D:3      | Reached skill level 4 in Fighting
  1852 | D:3      | Reached XP level 5. HP: 11/42 MP: 5/5
  2117 | D:3      | Noticed Ijyb
  2378 | D:3      | Found a shattered altar of Ashenzari.
  2378 | D:3      | Found an iron altar of Okawaru.
  2386 | D:3      | Found a faded altar of an unknown god.
  2388 | D:3      | Found a faded altar of an unknown god.
  2390 | D:3      | Found a white marble altar of Elyvilon.
  2540 | D:3      | Killed Ijyb
  2540 | D:3      | Reached XP level 6. HP: 33/49 MP: 6/6
  3057 | D:4      | Found a staircase to the Ecumenical Temple.
  3134 | D:4      | Got a translucent quarterstaff
  3139 | D:4      | Identified the +12 quarterstaff "Motuev" {flame, rF+ Str+4}
                  | (You found it on level 4 of the Dungeon)
  3567 | D:5      | Entered Level 5 of the Dungeon
  3580 | D:5      | Noticed Menkaure
  3587 | D:5      | Killed Menkaure
  3587 | D:5      | Reached skill level 5 in Fighting
  3587 | D:5      | Reached skill level 1 in Staves
  3587 | D:5      | Reached XP level 7. HP: 6/56 MP: 7/7
  4012 | D:5      | Reached skill level 5 in Armour
  4409 | D:5      | Found a runed door.
  4413 | D:5      | Noticed Crazy Yiuf
  4418 | D:5      | Killed Crazy Yiuf
  4510 | D:5      | Noticed Sigmund
  4519 | D:5      | Killed Sigmund
  4758 | D:6      | Reached XP level 8. HP: 44/63 MP: 8/8
  4930 | D:6      | Noticed Edmund
  4938 | D:6      | Killed Edmund
  5197 | D:6      | Noticed Prince Ribbit
  5546 | D:6      | Killed Prince Ribbit
  5546 | D:6      | Reached skill level 6 in Fighting
  5546 | D:6      | Reached skill level 5 in Staves
  6241 | D:7      | Noticed Duvessa
  6260 | D:7      | Noticed Dowan
  6266 | D:7      | Killed Duvessa
  6266 | D:7      | Reached XP level 9. HP: 64/69 MP: 9/9
  6275 | D:6      | Killed Dowan
  6976 | D:8      | Found Riffymay's Weapon Shoppe.
  7171 | D:8      | Found a deep blue altar of Sif Muna.
  7244 | D:8      | Found Vuuduh's Antique Weapon Shop.
  7324 | D:8      | Found a stormy altar of Qazlal.
  7330 | D:8      | Noticed Grum
  7337 | D:8      | Killed Grum
  7337 | D:8      | Reached skill level 7 in Fighting
  7980 | D:8      | Found Sojekliripn's Book Emporium.
  7987 | D:8      | Identified a scroll of acquirement
  8013 | D:8      | Got a pair of twisted gloves
  8024 | D:8      | Identified the -1 pair of gloves of Piumann {Str+5} (You
                  | acquired it on level 8 of the Dungeon)
  8077 | D:8      | Found Byrchelut's Magic Scroll Boutique.
  8083 | D:8      | Bought a scroll of enchant armour for 97 gold pieces
  8083 | D:8      | Bought a scroll of blinking for 97 gold pieces
  8083 | D:8      | Bought a scroll of enchant armour for 97 gold pieces
  8083 | D:8      | Bought a scroll of blinking for 97 gold pieces
  8083 | D:8      | Bought a scroll of identify for 26 gold pieces
  8083 | D:8      | Bought a scroll of teleportation for 39 gold pieces
  8141 | D:8      | Found Nisewut's Gadget Shop.
  8242 | D:8      | Found an ornate altar of the Wu Jian Council.
  8317 | D:9      | Reached XP level 10. HP: 79/79 MP: 10/10
  8376 | D:9      | Noticed Maurice
  8382 | D:9      | Killed Maurice
  8382 | D:9      | Reached skill level 1 in Evocations
  8461 | D:9      | Found a sparkling altar of Nemelex Xobeh.
  8579 | D:9      | Noticed Erica
  8593 | D:9      | Killed Erica
  8594 | D:9      | Found a staircase to the Lair.
  8596 | D:9      | Found a burning altar of Makhleb.
  9160 | D:10     | Entered Level 10 of the Dungeon
  9371 | D:10     | Reached skill level 8 in Fighting
  9495 | D:10     | Found a portal to a secret trove of treasure.
 10014 | D:11     | Reached XP level 11. HP: 86/86 MP: 12/12
 10032 | D:11     | Found a staircase to the Orcish Mines.
 10216 | D:11     | Reached skill level 1 in Throwing
 10634 | D:11     | Found a transporter.
 10661 | D:11     | Noticed an orc high priest
 10689 | D:11     | Found a transporter.
 10690 | D:11     | Found the +3 giant club "Skullcrusher" {speed, Str+7}
 10702 | D:11     | Noticed a deep elf knight
 10866 | D:11     | Reached skill level 10 in Staves
 11031 | D:11     | Killed an unseen horror
 11305 | D:12     | Noticed a two-headed ogre
 11458 | D:12     | Killed a two-headed ogre
 11529 | D:12     | You fall through a shaft for 3 floors!
 11529 | D:15     | Entered Level 15 of the Dungeon
 11529 | D:15     | Noticed Agnes
 11534 | D:15     | Found a staircase to the Depths.
 11534 | D:15     | Noticed a fire giant
 11539 | D:15     | Noticed a deep elf mage
 11539 | D:15     | Noticed a brown ugly thing
 11539 | D:15     | Noticed a brown ugly thing
 11539 | D:15     | Noticed a brown ugly thing
 11551 | D:15     | Noticed a tengu warrior
 11562 | D:15     | Noticed a tengu warrior
 11728 | D:15     | Killed a tengu warrior
 11743 | D:15     | Killed a tengu warrior
 11743 | D:15     | Reached skill level 9 in Fighting
 11794 | D:14     | Noticed a centaur warrior
 11794 | D:14     | Noticed a centaur warrior
 11827 | D:13     | Noticed a sun demon
 12408 | D:12     | Killed an unseen horror
 12408 | D:12     | Reached skill level 1 in Dodging
 12408 | D:12     | Reached XP level 12. HP: 87/95 MP: 13/13
 12699 | D:12     | Noticed Sonja
 12710 | D:12     | Killed Sonja
 12801 | Lair:1   | Entered Level 1 of the Lair of Beasts
 13053 | Lair:1   | Found a shadowy altar of Dithmenos.
 13154 | Lair:1   | Got a coiled platinum ring
 13525 | Lair:2   | Noticed Nergalle
 13532 | Lair:2   | Killed Nergalle
 13656 | Lair:2   | Found a staircase to the Swamp.
 13934 | Lair:2   | Identified the ring of Hodwox {rElec Str+3 Int+3 Dex+3}
                  | (You found it on level 1 of the Lair of Beasts)
 14887 | Lair:3   | Reached skill level 10 in Fighting
 14984 | Lair:3   | Noticed a four-headed hydra
 14990 | Lair:3   | Killed a four-headed hydra
 15175 | Lair:3   | Reached skill level 10 in Armour
 15183 | Lair:3   | Gained mutation: You are in touch with the powers of death.
                  | [Mummy growth]
 15183 | Lair:3   | Reached XP level 13. HP: 40/104 MP: 14/14
 16196 | Lair:4   | Found a hole to the Spider Nest.
 17691 | Lair:6   | Entered Level 6 of the Lair of Beasts
 17707 | Lair:6   | Reached skill level 11 in Fighting
 18472 | Lair:6   | Reached XP level 14. HP: 96/113 MP: 15/15
 18498 | Lair:6   | Found a viscous altar of Jiyva.
 18498 | Lair:6   | Found a staircase to the Slime Pits.
 19194 | D:12     | Bought a scroll of identify for 56 gold pieces
 19194 | D:12     | Bought a scroll of identify for 56 gold pieces
 19194 | D:12     | Bought a scroll of teleportation for 84 gold pieces
 19231 | Orc:1    | Entered Level 1 of the Orcish Mines
 19238 | Orc:1    | Noticed an orc warlord
 19288 | Orc:1    | Killed an orc warlord
 19382 | Orc:1    | Found a roughly hewn altar of Beogh.
 19391 | Orc:1    | Noticed a stone giant
 19502 | Orc:1    | Killed a stone giant
 19696 | Orc:1    | Noticed Harold
 19724 | Orc:1    | Killed Harold
 20057 | Orc:2    | Entered Level 2 of the Orcish Mines
 20080 | Orc:2    | Found a staircase to the Elven Halls.
 20341 | Orc:2    | Found Guor's Jewellery Emporium.
 20341 | Orc:2    | Found Qogaschofiu's Magic Scroll Shop.
 20406 | Orc:2    | Bought a scroll of acquirement for 780 gold pieces
 20417 | Orc:2    | Bought the amulet "Maafulih" {Gourm rC++ MR++ Dex-3} for
                  | 849 gold pieces
 20686 | Orc:2    | Noticed Rupert
 20699 | Orc:2    | Killed Rupert
 20699 | Orc:2    | Reached skill level 12 in Fighting
 20824 | Orc:2    | Noticed Saint Roka
 21099 | Orc:2    | HP: 1/115 [orc warrior/trident[Saint Roka] (20)]
 21131 | Orc:2    | HP: 4/115 [Saint Roka/divine providence (12)]
 21834 | Orc:2    | Found Kuvech's General Store.
 21834 | Orc:2    | Found Asiun's Jewellery Emporium.
 21941 | Orc:2    | Bought a scroll of fear for 42 gold pieces
 21976 | Orc:2    | Found a roughly hewn altar of Beogh.
 22008 | Orc:2    | Bought a scroll of enchant armour for 112 gold pieces
 22407 | D:12     | Bought the +4 plate armour of Surprise {MR+ rCorr Slay+2}
                  | for 1322 gold pieces
 22424 | D:12     | Bought a dazzling broad axe for 270 gold pieces
 22424 | D:12     | Identified the +7 broad axe of Koericae {chop, rF+ Str-3
                  | Dex+2 Stlth+} (You bought it in a shop on level 12 of the
                  | Dungeon)
 23171 | D:14     | Found a radiant altar of Vehumet.
 23567 | D:14     | Found a gate to the Vaults.
 23944 | D:15     | Killed Agnes
 24121 | D:15     | Reached XP level 15. HP: 86/122 MP: 17/17
 24295 | D:15     | Reached skill level 13 in Fighting
 24427 | D:15     | Killed a fire giant
 24907 | Swamp:1  | Entered Level 1 of the Swamp
 26593 | Swamp:1  | Noticed Nikola
 26627 | Swamp:1  | Killed Nikola
 27863 | D:8      | Noticed Gastronok
 27879 | D:8      | Killed Gastronok
 27879 | D:8      | Reached skill level 14 in Fighting
 28416 | Swamp:2  | Noticed Jorgrun
 28430 | Swamp:2  | Killed Jorgrun
 28986 | Swamp:3  | Noticed Louise
 29006 | Swamp:3  | Killed Louise
 29062 | Swamp:3  | Noticed a thorn hunter
 29245 | Swamp:3  | Killed a thorn hunter
 29723 | Swamp:3  | Noticed a thorn hunter
 29741 | Swamp:3  | Killed a thorn hunter
 29785 | Swamp:3  | Reached XP level 16. HP: 20/134 MP: 18/18
 30215 | Swamp:3  | Learned a level 1 spell: Pain
 30219 | Swamp:3  | Learned a level 3 spell: Vampiric Draining
 30499 | Spider:1 | Entered Level 1 of the Spider Nest
 30865 | Spider:1 | Reached skill level 15 in Fighting
 31637 | Spider:1 | Got a vibrating glass ring
 31638 | Spider:1 | Identified the ring "Qies" {Ice MP+9 Int+2} (You acquired
                  | it on level 1 of the Spider Nest)
 31938 | Spider:1 | Found the opalescent robe
 33084 | D:12     | Bought the +11 plutonium sword {*Contam Stlth-} for 3000
                  | gold pieces
 33084 | D:12     | Found the +11 plutonium sword {*Contam Stlth-}
 33313 | Spider:2 | Reached skill level 5 in Long Blades
 35981 | Elf:1    | Entered Level 1 of the Elven Halls
 36707 | Elf:1    | Reached XP level 17. HP: 142/142 MP: 19/19
 37332 | Elf:2    | Found a gateway to a bazaar.
 37337 | Elf:2    | Found Kaetoepn's Food Shop.
 37342 | Elf:2    | Noticed a Brimstone Fiend
 37420 | Bazaar   | Entered a bazaar
 37420 | Bazaar   | Found Asmef's General Store.
 37431 | Bazaar   | Found Koumumab's Jewellery Boutique.
 37437 | Bazaar   | Found Zoeme's Food Shoppe.
 37446 | Bazaar   | Found Gujai's Distillery.
 37511 | Bazaar   | Bought the amulet of Qaihua {RegenMP rPois rF+ Int+2} for
                  | 576 gold pieces
 37511 | Bazaar   | Bought an uncursed ring of flight for 192 gold pieces
 37643 | Orc:2    | Killed Saint Roka
 37643 | Orc:2    | Reached skill level 10 in Long Blades
 37886 | Lair:3   | Identified the Almanac of Evil Arts and Curses
 38395 | Elf:2    | Noticed Azrael
 38402 | Elf:2    | Killed Azrael
 38964 | Elf:2    | Found a huge runed gate.
 38964 | Elf:2    | Found a huge runed gate.
 38964 | Elf:2    | Found a huge runed gate.
 38964 | Elf:2    | Found a huge runed gate.
 38964 | Elf:2    | Found a huge runed gate.
 39590 | Elf:2    | Got a translucent iron amulet
 39591 | Elf:2    | Identified the amulet "Luit" {RegenMP rF+ rC- Str+5 Int+3}
                  | (You took it off a deep elf mage on level 2 of the Elven
                  | Halls)
 39928 | Elf:2    | Noticed a deep elf blademaster
 39943 | Elf:2    | Killed a deep elf blademaster
 41277 | Swamp:4  | Entered Level 4 of the Swamp
 42149 | Swamp:4  | Reached XP level 18. HP: 130/149 MP: 20/20
 42675 | Swamp:4  | Noticed the 27-headed Lernaean hydra
 43126 | Swamp:4  | Killed the 27-headed Lernaean hydra
 43434 | Swamp:4  | Got a decaying rune of Zot
 44129 | Vaults:1 | Entered Level 1 of the Vaults
 44231 | D:12     | Bought an iridescent long sword for 255 gold pieces
 44231 | D:12     | Identified the +10 long sword of Trial by Ordeal
                  | {antimagic, rF+} (You bought it in a shop on level 12 of
                  | the Dungeon)
 44238 | D:12     | Bought a +2 large shield of fire resistance for 408 gold
                  | pieces
 44564 | Vaults:1 | Slain by a white ugly thing

Vault maps used:
D:1:      lightli_molten_gateway
D:2:      nicolae_overflow_crystal_walls, minitemple, first_ration, minivault_23
D:3:      chequers_temple_overflow_minitemple, uniq_jessica, uniq_robin,
          uniq_purgy, uniq_ijyb
D:4:      minmay_temple_entry_nine_rooms
D:5:      uniq_crazy_yiuf_cottage, uniq_menkaure, uniq_sigmund
D:6:      minmay_misc_feat_pillars, grunt_ministairs_8, uniq_edmund,
          uniq_prince_ribbit1
D:7:      uniq_duvessa
D:8:      marbit_many_paths, kennysheep_mini_moat, lemuel_crystal_altar,
          serial_shops, kennysheep_little_box, shop, shop,
          nicolae_shop_temple_entry_statues_fountains, shop_statue, uniq_grum,
          uniq_gastronok
D:9:      lemuel_crystal_altar, lemuel_crystal_altar, uniq_erica, uniq_maurice
D:10:     nicolae_trove_entry_diagonal
D:11:     gammafunk_wand_slinger, hiddenorc2_lemuel, david_nohive_1,
          minivault_26, minmay_fountain_box
D:12:     minivault_19, uniq_sonja
D:14:     erik_vaults_1, kennysheep_flooded_box
D:15:     grunt_enter_depths_giant_problem, grunt_decor_cap, uniq_agnes
Lair:1:   basic_altar
Lair:2:   minmay_swamp_entry_reptiles, uniq_nergalle
Lair:3:   minmay_lindwurm_lava
Lair:4:   spider_nest_entry_webs, grunt_megastairs_2
Lair:5:   grunt_megastairs_3
Lair:6:   minmay_lair_end_enchanted_forest, dpeg_slime_entry_enclosed_altar
Swamp:1:  infiniplex_staircase_pool, swamp_pool1, cheibrodos_swamp_slimy,
          uniq_nikola
Swamp:2:  serial_swamp_ruin, evilmike_swamp_ruin_house_3,
          evilmike_swamp_ruin_rubble_2, uniq_jorgrun
Swamp:3:  nicolae_swamp_fairy_circle, swamp_pool2, uniq_louise
Swamp:4:  swamp_old_school
Spider:2: guppyfry_spider_mini_2
Spider:3: worms_lemuel
Orc:1:    basic_altar, uniq_harold
Orc:2:    st_orc_town, uniq_rupert, uniq_saint_roka
Elf:1:    kennysheep_underground_church, abandoned_shop,
          serial_sigils_hangedman_snap, corexii_checkpoint_b, spider_trap,
          minivault_26
Elf:2:    serial_shops, bzr_entry_customers, shop_coins,
          minmay_checkered_concentric_circles, uniq_azrael
Vaults:1: ontoclasm_vaults_twist, vaults_mumra_minichess, vaults_room_hallway,
          st_lattice, nicolae_vaults_little_squares_5,
          hangedman_vaults_stitches, vaults_room_corners,
          nicolae_vaults_little_squares_4, v_misc_30, vaults_dpeg_diagonal,
          v_misc_14, ontoclasm_vaults_gateway, nicolae_vaults_border_crossing,
          nicolae_vaults_little_squares_2, hangedman_vaults_maws
Bazaar:   bazaar_kb_twisted_cavern

Skill      XL: |  1  2  3  4  5  6  7  8  9 10 11 12 13 14 15 16 17 18 |
---------------+-------------------------------------------------------+-----
Armour         | 3 4 5 6 7 9 10 11 12 13 14 | 14.0
Shields        | 3 4 |  4.0
Fighting       | 4 5 6 7 8 9 10 11 12 14 15 | 15.4
Staves         | 1 2 5 7 9 11 12 13 14 | 14.3
Evocations     | 2 3 |  3.3
Throwing       | 1 2 3 4 |  4.1
Dodging        | 1 2 |  2.1
Long Blades    | 8 13 14 | 14.3
Necromancy     | |  0.1

Action                   |  1- 3 |  4- 6 |  7- 9 | 10-12 | 13-15 | 16-18 || total
-------------------------+-------+-------+-------+-------+-------+-------++-------
Melee: Long sword        |    34 |       |       |       |       |    83 ||   117
       Dagger            |    77 |   116 |       |       |       |       ||   193
       Quarterstaff      |       |    14 |   249 |   553 |  1212 |  1061 ||  3089
       Triple sword      |       |       |       |       |       |    40 ||    40
 Fire: Blowgun           |       |       |       |       |    43 |   185 ||   228
Throw: Tomahawk          |       |       |     3 |       |     7 |     7 ||    17
       Throwing net      |       |       |     2 |       |     1 |       ||     3
       Javelin           |       |       |     5 |    19 |    21 |    23 ||    68
Invok: Potion Petition   |       |       |     1 |       |     1 |     2 ||     4
       Call Merchant     |       |       |       |       |     3 |       ||     3
 Abil: Evoke Flight      |       |       |       |       |       |     1 ||     1
Evoke: Wand              |       |       |     4 |    21 |    35 |     8 ||    68
  Use: Scroll            |     2 |     4 |    11 |    13 |    17 |    22 ||    69
 Stab: Distracted        |       |     2 |     1 |     2 |     8 |     9 ||    22
       Held in net/web   |       |       |       |       |     1 |       ||     1
       Confused          |       |       |       |       |     2 |       ||     2
Armor: Scale mail        |    29 |    33 |       |       |       |       ||    62
       Chain mail        |       |    12 |    95 |       |     1 |       ||   108
       Plate armour      |       |       |    37 |   354 |   604 |   846 ||  1841
Dodge: Dodged            |    32 |    27 |    74 |   178 |   387 |   424 ||  1122
Block: Shield            |    58 |    72 |       |       |       |       ||   130
       Large shield      |       |       |       |       |       |    69 ||    69
       Rpst.: Long sword |     6 |       |       |       |       |       ||     6
       Triple sword      |       |       |       |       |       |     7 ||     7

Table legend:
 A = Non-vault XP
 B = Vault XP
 C = Vault XP percentage of total XP
 D = Non-vault monster count
 E = Vault monster count
 F = Vault count percentage of total count
                 A         B        C        D         E       F
            +---------+---------+-------+---------+---------+-------
      Total |  202826 |  122200 |  37.6 |     744 |     337 |  31.2
            +---------+---------+-------+---------+---------+-------
        D:1 |      28 |       0 |   0.0 |       9 |       0 |   0.0
        D:2 |      62 |      12 |  16.2 |      22 |       6 |  21.4
        D:3 |      64 |     236 |  78.7 |      13 |       8 |  38.1
        D:4 |     311 |       0 |   0.0 |      11 |       0 |   0.0
        D:5 |     183 |     435 |  70.4 |      11 |       3 |  21.4
        D:6 |     609 |     657 |  51.9 |      17 |       4 |  19.0
        D:7 |     634 |     142 |  18.3 |      17 |       1 |   5.6
        D:8 |    1472 |    2666 |  64.4 |      32 |       6 |  15.8
        D:9 |    2798 |    1361 |  32.7 |      34 |       2 |   5.6
       D:10 |    1252 |       0 |   0.0 |      14 |       0 |   0.0
       D:11 |    2967 |    1510 |  33.7 |      17 |      48 |  73.8
       D:12 |    4600 |     795 |  14.7 |      26 |       1 |   3.7
       D:13 |    2778 |       0 |   0.0 |      29 |       0 |   0.0
       D:14 |    8454 |    3364 |  28.5 |      34 |       4 |  10.5
       D:15 |    4148 |    3940 |  48.7 |       8 |       2 |  20.0
     Lair:1 |    3366 |       0 |   0.0 |      12 |       0 |   0.0
     Lair:2 |    4158 |    1712 |  29.2 |      18 |       5 |  21.7
     Lair:3 |    5173 |    2643 |  33.8 |      15 |       4 |  21.1
     Lair:4 |    3916 |     788 |  16.8 |      13 |       4 |  23.5
     Lair:5 |    5597 |    1494 |  21.1 |      13 |       6 |  31.6
     Lair:6 |    8925 |    9750 |  52.2 |      31 |      48 |  60.8
    Swamp:1 |   14401 |    2870 |  16.6 |      31 |       1 |   3.1
    Swamp:2 |   10752 |    3132 |  22.6 |      33 |       1 |   2.9
    Swamp:3 |   15105 |    1591 |   9.5 |      29 |       1 |   3.3
    Swamp:4 |   16865 |   21417 |  55.9 |      27 |      27 |  50.0
   Spider:1 |   18811 |    1552 |   7.6 |      50 |       6 |  10.7
   Spider:2 |    8578 |     497 |   5.5 |      26 |       2 |   7.1
   Spider:3 |   10353 |    5499 |  34.7 |      24 |      18 |  42.9
      Orc:1 |    4511 |    1023 |  18.5 |      34 |       1 |   2.9
      Orc:2 |    3150 |   16065 |  83.6 |      33 |      72 |  68.6
      Elf:1 |   11386 |    5000 |  30.5 |      21 |       8 |  27.6
      Elf:2 |   24514 |   29593 |  54.7 |      34 |      45 |  57.0
   Vaults:1 |    2905 |    2456 |  45.8 |       6 |       3 |  33.3
            +---------+---------+-------+---------+---------+-------
